 Dungeon Crawl Stone Soup version 0.21-a0-39-g28ea6b7 (webtiles) character file.

109 tilp the Chiller (level 4, -2/30 HPs)
             Began as a Merfolk Ice Elementalist on May 31, 2017.
             Slain by a goblin
             ... wielding a cursed +0 dagger
             ... led by Robin
              (3 damage)
             ... on level 3 of the Dungeon on June 1, 2017.
             The game lasted 00:08:37 (2865 turns).

tilp the Chiller (Merfolk Ice Elementalist)         Turns: 2865, Time: 00:08:37

Health: -2/30      AC:  3    Str:  8    XL:     4   Next: 89%
Magic:  8/9        EV: 13    Int: 15    God:
Gold:   88         SH:  0    Dex: 14    Spells: 3/9 levels left

rFire    . . .     SeeInvis .   s - +2 spear (venom)
rCold    . . .     Gourm    .   (no shield)
rNeg     . . .     Faith    .   a - +0 robe
rPois    .         Spirit   .   (no helmet)
rElec    .         Reflect  .   (no cloak)
rCorr    .         Harm     .   k - +0 pair of gloves
MR       .....                  (no boots)
Stlth    ++........             (no amulet)
Regen    0.1/turn               (no ring)
MPRegen  0.2/turn               (no ring)

@: no status effects
A: change form in water, swift swim, stealthy swim
a: no special abilities


You were on level 3 of the Dungeon.
You were hungry.

You visited 1 branch of the dungeon, and saw 3 of its levels.

You collected 88 gold pieces.

Inventory:

Hand Weapons
 s - a +2 spear of venom (weapon)
Armour
 a - a +0 robe (worn)
 k - a +0 pair of gloves (worn)
Jewellery
 f - a +2 ring of intelligence {unknown}
 t - an uncursed ring of poison resistance {unknown}
Scrolls
 i - a scroll of blinking
 l - 2 scrolls of remove curse
 r - a scroll of identify
Potions
 d - a potion of brilliance {unknown}
 e - a potion of curing {unknown}
 h - a potion of magic {unknown}
 m - 2 potions of cancellation {unknown}
 n - 2 potions of lignification {unknown}
Books
 b - a book of Frost

   Spells                             Type                      Level
   a - Freeze                         Ice                          1
   b - Throw Frost                    Conjuration/Ice              2
   c - Ozocubu's Armour               Charms/Ice                   3
   d - Throw Icicle                   Conjuration/Ice              4
   e - Summon Ice Beast               Ice/Summoning                4
 p - a book of Maledictions

   Spells                             Type                      Level
   a - Corona                         Hexes                        1
   b - Ensorcelled Hibernation        Hexes/Ice                    2
   c - Confuse                        Hexes                        3
   d - Tukima's Dance                 Hexes                        3
   e - Dazzling Spray                 Conjuration/Hexes            3
Comestibles
 c - 4 bread rations
 g - 5 royal jellies
 j - 6 chunks of flesh
 q - 2 meat rations


   Skills:
 * Level 1.1 Polearms
 + Level 3.1 Dodging
 - Level 2.1 Stealth
 * Level 3.3 Spellcasting
 + Level 0.7 Conjurations
 + Level 4.5 Ice Magic


You had 3 spell levels left.
You knew the following spells:

 Your Spells              Type           Power        Failure   Level  Hunger
a - Freeze                Ice            ###.         3%          1    None
b - Throw Frost           Conj/Ice       ##....       10%         2    ##.....
c - Ozocubu's Armour      Chrm/Ice       #.......     22%         3    ###....


Dungeon Overview and Level Annotations

Branches:
Dungeon (3/15)

Altars:
Elyvilon

Annotations:
D:3 Robin


Message History

Robin throws the goblin at you!
The goblin shouts!
You hear a shout! x5
The goblin wields a runed hunting sling.
It bursts into flame!
The goblin shoots a stone.
The stone barely misses you.
You see here a stone.
The goblin shoots a stone.
The stone closely misses you.
The goblin shoots a stone.
The stone barely misses you. Robin throws the goblin at you!
The goblin unwields an uncursed hunting sling of flaming.
It stops flaming.
The goblin misses you.
Robin's bangles clink loudly.
Robin throws the goblin at you! The goblin hits you with a club!
* * * LOW HITPOINT WARNING * * *
The goblin misses you.
You barely miss the goblin. Robin throws the goblin at you!
* * * LOW HITPOINT WARNING * * *
The goblin hits you with a club.
* * * LOW HITPOINT WARNING * * *
The goblin hits you with a dagger.
You die...

#..# ###########.##
#...........# ###
#.....g.....##...
#...g(......)..#
#######...####....####
##.....(....###..#..# #
##.....gg.........g..###.
#.......@..........gg.g..
#......g...........g.....
#...................(#..#
#....................#.>.
#....<...............#...
##.......)....######.....
##...........# ##.#..
#########.########.....
#..###..........


You could see Robin, a hobgoblin and 3 goblins.

Vanquished Creatures
  Natasha (D:2)
  2 adders
  An ooze (D:2)
  2 leopard geckos (D:1)
  An orc (D:3)
  2 ball pythons
  10 bats
  5 giant cockroaches
  4 goblins
  6 hobgoblins
  4 jackals (D:3)
  8 kobolds
  2 quokkas
  8 frilled lizards
  5 rats
61 creatures vanquished.

Notes
Turn   | Place    | Note
-------+----------+-------------------------------------------
     0 | D:1      | tilp the Merfolk Ice Elementalist began the quest for the Orb.
     0 | D:1      | Reached XP level 1. HP: 13/13 MP: 3/3
   431 | D:1      | Reached XP level 2. HP: 19/19 MP: 3/5
   948 | D:1      | Reached XP level 3. HP: 24/24 MP: 2/6
  1444 | D:2      | Reached skill level 4 in Ice Magic
  1721 | D:2      | Learned a level 2 spell: Throw Frost
  1725 | D:2      | Learned a level 3 spell: Ozocubu's Armour
  2098 | D:2      | Found a white marble altar of Elyvilon.
  2357 | D:2      | Noticed Natasha
  2363 | D:2      | Killed Natasha
  2363 | D:2      | Reached XP level 4. HP: 20/30 MP: 3/8
  2805 | D:3      | Reached skill level 1 in Polearms
  2851 | D:3      | Noticed Robin
  2865 | D:3      | HP: 1/30 [goblin/club[Robin] (3)]
  2865 | D:3      | Slain by a goblin

Vault maps used:
D:1:      elethiomel_arrival_maze
D:2:      marbit_many_paths, minmay_hexomino_f4, uniq_natasha
D:3:      uniq_robin

Skill      XL: |  1  2  3  4 |
---------------+-------------+-----
Ice Magic      | 4 |  4.5
Spellcasting   | 3 |  3.3
Dodging        | 3 |  3.1
Polearms       | 1 |  1.1
Stealth        | |  2.1
Conjurations   | |  0.7

Action                   |  1- 3 |  4- 6 || total
-------------------------+-------+-------++-------
Melee: Dagger            |    25 |       ||    25
       Short sword       |    44 |       ||    44
       Spear             |     6 |    35 ||    41
 Cast: Freeze            |    38 |    17 ||    55
  Use: Scroll            |     4 |       ||     4
 Stab: Sleeping          |     6 |       ||     6
  Eat: Chunk             |     5 |     1 ||     6
Armor: Robe              |    23 |    19 ||    42
Dodge: Dodged            |    53 |    44 ||    97
